 Dungeon Crawl Stone Soup version 0.20.0-15-g7f486f2 (webtiles) character file.

58 Cral the Magician (level 3, -1/16 HPs)
             Began as a Spriggan Earth Elementalist on June 27, 2017.
             Slain by a hobgoblin (5 damage)
             ... on level 3 of the Dungeon.
             The game lasted 00:02:37 (1321 turns).

Cral the Magician (Spriggan Earth Elementalist)     Turns: 1321, Time: 00:02:38

Health: -1/16      AC:  2    Str:  4    XL:     3   Next: 75%
Magic:  4/9        EV: 18    Int: 17    God:
Gold:   87         SH:  0    Dex: 16    Spells: 9/10 levels left

rFire    . . .     SeeInvis +   s - +0 war axe (holy)
rCold    . . .     Gourm    .   (shield restricted)
rNeg     . . .     Faith    .   c - +0 robe
rPois    .         Spirit   .   (helmet restricted)
rElec    .         Reflect  .   (no cloak)
rCorr    .         Harm     .   (gloves unavailable)
MR       +....                  (boots unavailable)
Stlth    ++........             (no amulet)
Regen    0.1/turn               p - ring of protection from magic
MPRegen  0.2/turn               (no ring)

@: very slightly contaminated, very quick
A: unfitting armour, see invisible, herbivore 3, speed 3, slow metabolism 2
a: no special abilities


You were on level 3 of the Dungeon.
You were not hungry.

You visited 1 branch of the dungeon, and saw 3 of its levels.

You collected 87 gold pieces.

Inventory:

Hand Weapons
 s - a +0 war axe of holy wrath (weapon)
Missiles
 b - 37 stones (quivered)
Armour
 c - a +0 robe (worn)
Jewellery
 p - a ring of protection from magic (left hand)
Scrolls
 a - 3 scrolls of random uselessness {unknown}
 g - a scroll of fog {unknown}
 h - 2 scrolls of fear {unknown}
 j - 2 scrolls of teleportation {unknown}
 l - 2 scrolls of identify {unknown}
 m - a scroll of recharging {unknown}
 o - 2 scrolls of remove curse {unknown}
Potions
 f - 3 potions of curing {unknown}
 i - 2 potions of berserk rage {unknown}
 k - a potion of flight {unknown}
 n - a potion of mutation {unknown}
 q - a potion of ambrosia {unknown}
Books
 e - a book of Geomancy

   Spells                             Type                      Level
   a - Sandblast                      Earth                        1
   b - Passwall                       Transmutation/Earth          2
   c - Stone Arrow                    Conjuration/Earth            3
   d - Petrify                        Transmutation/Earth          4
   e - Lee's Rapid Deconstruction     Earth                        5
Comestibles
 d - 5 bread rations


   Skills:
 - Level 3.0 Dodging
 - Level 3.0 Stealth
 + Level 4.0 Spellcasting
   Level 1.3 Transmutations
 + Level 3.6 Earth Magic


You had 9 spell levels left.
You knew the following spells:

 Your Spells              Type           Power        Failure   Level  Hunger
a - Sandblast             Erth           ###...       3%          1    None


Dungeon Overview and Level Annotations

Branches:
Dungeon (3/15)

Altars:


Innate Abilities, Weirdness & Mutations

You are very small and have problems with some larger weapons.
You are too small for most types of armour.
You have supernaturally acute eyesight. (SInv)
You are a herbivore.
You cover ground extremely quickly.
You need consume almost no food.


Message History

Casting: Sandblast
Confirm with . or Enter, or press ? or * to list all spells.
Aiming: Sandblast
Press: ? - help, Shift-Dir - straight line, f/p - bat
Aim: a bat The blast of sand hits the bat.
The bat is moderately wounded.
b - 38 stones The bat hits you.
* * * LOW HITPOINT WARNING * * *
Casting: Sandblast
Confirm with . or Enter, or press ? or * to list all spells.
Aiming: Sandblast
Press: ? - help, Shift-Dir - straight line, f/p - bat
Aim: a bat (moderately wounded)
The blast of sand hits the bat.
The bat is severely wounded.
b - 37 stones The bat barely misses you.
The hobgoblin hits you.
You die...

...#########..#
#........!.....#.<#
#...............†.#
#.................#
#..$............#.#
#............†..#.#
#...............#..
#.......b.......##..
#......@gg.)...##
..# ############.#.#
..# ...... ..#
#..#..... #..#.....
#..####.. ..


You could see 2 hobgoblins and a bat.

Vanquished Creatures
  An ooze (D:1)
  2 dart slugs
  3 leopard geckos
  6 goblins
  4 hobgoblins
  4 jackals (D:1)
  10 kobolds
  A quokka (D:3)
  7 bats
  4 frilled lizards
  3 rats
45 creatures vanquished.

Notes
Turn   | Place    | Note
-------+----------+-------------------------------------------
     0 | D:1      | Cral the Spriggan Earth Elementalist began the quest for the Orb.
     0 | D:1      | Reached XP level 1. HP: 9/9 MP: 5/5
   132 | D:1      | Reached XP level 2. HP: 8/13 MP: 3/6
   311 | D:1      | Reached skill level 3 in Spellcasting
   871 | D:2      | Reached XP level 3. HP: 16/16 MP: 5/8
  1317 | D:3      | Reached skill level 4 in Spellcasting
  1321 | D:3      | Slain by a hobgoblin

Skill      XL: |  1  2  3 |
---------------+----------+-----
Earth Magic    | 3 |  3.6
Spellcasting   | 3 4 |  4.0
Dodging        | |  3.0
Stealth        | |  3.0
Transmutations | |  1.3

Action                   || total
-------------------------++-------
Melee: War axe           ||     6
       Dagger            ||     1
 Cast: Sandblast         ||    62
Armor: Robe              ||     5
Dodge: Dodged            ||    43
